 Dungeon Crawl Stone Soup version 0.30-a0-920-g7493c07aab (webtiles) character file.

Game seed: 4503717661553175134

81 Lobster4 the Poker (level 4, -1/55 HPs)
             Began as a Merfolk Gladiator on Mar 21, 2023.
             Slain by Sigmund
             ... wielding a +2 scythe of venom
              (5 damage)
             ... on level 2 of the Dungeon.
             The game lasted 00:06:46 (2001 turns).

Lobster4 the Poker (Merfolk Gladiator)              Turns: 2001, Time: 00:06:47

Health: -1/55      AC: 22    Str: 14    XL:     4   Next: 40%
Magic:  4/4        EV:  2    Int:  9    God:
Gold:   150        SH:  0    Dex: 15    Spells: 3/4 levels left

rFire   + . .      SeeInvis .    a - +1 trident
rCold   . . .      Faith    .    (no shield)
rNeg    . . .      Spirit   .    j - melded +0 ring mail
rPois   +          Reflect  .    c - melded +0 helmet
rElec   .          Rampage  .    (cloak currently unavailable)
rCorr   .          NoTele   +    k - melded +0 pair of gloves
Will    .....                    (boots currently unavailable)
Stlth   +                        (no amulet)
HPRegen 0.29/turn                q - ring of protection from fire
MPRegen 0.09/turn                (no ring)

@: lethally poisoned (-1 -> -11), tree-form
A: stationary, stasis, torment immunity, boosted hp, (nimble swimmer 2),
(mertail), (iridescent scales 1), deterioration 1, robust 1
a: no special abilities


You were on level 2 of the Dungeon.
You were a tree.
You visited 1 branch of the dungeon, and saw 2 of its levels.

You collected 150 gold pieces.

Inventory:

Hand Weapons
 a - a +1 trident (weapon)
 l - a +1 short sword of electrocution
 r - a +0 sling
Missiles
 d - a throwing net
 e - a javelin
 g - 24 stones (quivered)
Armour
 b - a +0 leather armour
 c - a +0 helmet (melded)
 j - a +0 ring mail (melded)
 k - a +0 pair of gloves (melded)
Jewellery
 q - a ring of protection from fire (left branch)
Scrolls
 o - a scroll of poison {unknown}
Potions
 f - a potion of brilliance {unknown}
 i - a potion of lignification
 m - a potion of attraction {unknown}
 p - a potion of mutation


   Skills:
 + Level 2.9 Fighting
 + Level 0.4 Short Blades
 + Level 4.6 Polearms
 + Level 2.7 Throwing
 + Level 0.1 Armour
 + Level 4.6 Dodging
 + Level 0.5 Spellcasting
 + Level 0.9 Ice Magic


You had 3 spell levels left.
You knew the following spells:

 Your Spells              Type           Power      Damage    Failure   Level
a - Freeze                Ice            4%         1d3       26%         1

Your spell library contained the following spells:

 Spells                   Type           Power      Damage    Failure   Level
 Frozen Ramparts          Ice            2%         1d1       63%         3
 Hailstorm                Conj/Ice       1%         3d3       67%         3
 Dazzling Flash           Conj/Hex       0%         N/A       75%         3
 Kindle Blastsparks       Fire/Tloc/Air  0%         2d10      75%         3
 Fulminant Prism          Conj/Hex       0%         3d5       98%         4
 Iskenderun's Mystic Bla  Conj/Tloc      0%         2d3       98%         4
 Lee's Rapid Deconstruct  Erth           0%         3d4*      100%        5
 Starburst                Conj/Fire      0%         6d3       100%        6


Dungeon Overview and Level Annotations

Branches:
Dungeon (2/15)

Altars:

Annotations:
D:2 Sigmund


Innate Abilities, Weirdness & Mutations

You are a tree.
Your roots penetrate the ground, keeping you stationary.
You cannot be teleported.
You are immune to unholy pain and torment.
Your maximum health is greatly increased.
Your equipment is partially melded.
((You are very nimble when in or above water. (Stealth+, EV+, Speed+++)))
((Your lower body shifts to a powerful aquatic tail in water.))
((You are partially covered in iridescent scales. (AC +2)))
Your body sometimes deteriorates upon taking damage.
You are robust. (+10% HP)


Message History

Something hits you!
You barely miss something. Something hits you.
You are poisoned.
As you read the scroll labelled MUNA OGEFEBUS, it crumbles to dust.
It is a scroll of enchant weapon.
Your +0 trident glows red for a moment.
You feel very sick. Something hits you.
You are lethally poisoned!
It was a potion of lignification.
You turn into a tree.
Your +0 helmet melds into your body.
Your +0 pair of gloves melds into your body.
Your +0 ring mail melds into your body.
Your roots penetrate the ground.
You feel very sick.
You swing at nothing.
You feel very sick. Something hits you.
You are lethally poisoned!
Okay, then.
It was a potion of mutation.
You feel extremely strange.
You feel robust.
You feel yourself wasting away.
Iridescent scales grow over part of your body.
* * * LOW HITPOINT WARNING * * *
You feel very sick. Something hits you.
* * * LOW HITPOINT WARNING * * *
Okay, then.
Okay, then.
Unknown command.
Throw: 3 throwing nets
Press: ? - help, Shift-Dir - straight line You throw a throwing net.
* * * LOW HITPOINT WARNING * * *
You feel very sick.
Throw: 2 throwing nets
Press: ? - help, Shift-Dir - straight line You throw a throwing net.
* * * LOW HITPOINT WARNING * * *
You feel sick. Something hits you.
You die...

#.# #$# #.# #.# #.#
#.# #.# #.# #.# #.#
######.# ...
#(.....# #.######
##♣#######
#.........
##.################
#..................
###################


There were no monsters in sight!

Vanquished Creatures
  An adder (D:2)
  2 worms (D:2)
  A dart slug (D:1)
  3 ball pythons (D:1)
  7 bats
  8 endoplasms
  3 giant cockroaches
  7 goblins
  4 hobgoblins
  4 jackals (D:2)
  5 kobolds
  2 quokkas (D:1)
  5 frilled lizards
  7 rats
59 creatures vanquished.

Notes
Turn   | Place    | Note
-------+----------+-------------------------------------------
     0 | D:1      | Lobster4 the Merfolk Gladiator began the quest for the Orb.
     0 | D:1      | Reached XP level 1. HP: 16/16 MP: 1/1
    75 | D:1      | Reached XP level 2. HP: 22/23 MP: 2/2
   375 | D:1      | Reached XP level 3. HP: 28/28 MP: 3/3
   457 | D:1      | Learned a level 1 spell: Freeze
  1050 | D:2      | Found a faded altar of an unknown god.
  1431 | D:2      | Reached XP level 4. HP: 34/34 MP: 1/4
  1972 | D:2      | Noticed Sigmund
  1999 | D:2      | Gained mutation: You are robust. (+10% HP) [potion of
                  | mutation]
  1999 | D:2      | Gained mutation: Your body sometimes deteriorates upon
                  | taking damage. [potion of mutation]
  1999 | D:2      | Gained mutation: You are partially covered in iridescent
                  | scales. (AC +2) [potion of mutation]
  2001 | D:2      | Slain by Sigmund

Illustrated notes

Levels and vault maps discovered:
D:1:      tekkud_arrival_beachfront_property, layout_loops_corners,
          minmay_tall_x
D:2:      layout_basic, nicolae_ecumenical_oubliette, minivault_25,
          minmay_pentomino_t4, uniq_sigmund

Action                     |  1- 3 |  4- 6 || total
---------------------------+-------+-------++-------
  Melee: Trident           |   131 |    58 ||   189
         Punch             |     1 |       ||     1
  Throw: Stone             |     1 |       ||     1
         Throwing net      |       |     2 ||     2
   Cast: Freeze            |     3 |       ||     3
    Use: Scroll            |       |     2 ||     2
         Potion            |       |     2 ||     2
   Stab: Sleeping          |     1 |       ||     1
 Armour: Leather armour    |    14 |       ||    14
         Ring mail         |    33 |    18 ||    51
  Dodge: Dodged            |    81 |    34 ||   115

Table legend: (Time is in decaauts)
 A = Elapsed time spent in this place.
 B = Non-inter-level travel time spent in this place.
 C = Inter-level travel time spent in this place.
 D = Time resting spent in this place.
 E = Time spent auto-exploring this place.
 F = Levels seen in this place.
 G = Mean time per level.
                   A        B        C        D        E       F      G
               +--------+--------+--------+--------+--------+-----+--------+
         Total |   2015 |   1943 |     72 |      8 |   1481 |   2 | 1007.5 |
       Dungeon |   2015 |   1943 |     72 |      8 |   1481 |   2 | 1007.5 |
               +--------+--------+--------+--------+--------+-----+--------+

Top non-repeatable levels by time:
     D:1: 1105 daAuts
     D:2: 909 daAuts
